 Dungeon Crawl Stone Soup version 0.30-a0-800-g7c544603b3 (webtiles) character file.

Game seed: 12702674944943480964

119 Pimp the Trooper (level 4, -1/37 HPs)
             Began as a Demonspawn Fighter on Feb 21, 2023.
             Was an Initiate of Okawaru.
             Slain by a flying skull (2 damage)
             ... on level 1 of the Abyss.
             The game lasted 00:04:04 (2153 turns).

Pimp the Trooper (Demonspawn Fighter)               Turns: 2153, Time: 00:04:04

Health: -1/37      AC:  6    Str: 21    XL:     4   Next: 74%
Magic:  4/4        EV: 10    Int:  9    God:    Okawaru [......]
Gold:   130        SH:  5    Dex: 13    Spells: 3/3 levels left

rFire   . . .      SeeInvis +    a - +0 war axe
rCold   . . .      Faith    .    c - +0 buckler
rNeg    . . .      Spirit   .    q - +4 robe "Doub" {Str+3}
rPois   +          Reflect  .    (helmet restricted)
rElec   .          Harm     .    (no cloak)
rCorr   .          Rampage  .    (no gloves)
Will    .....                    (no boots)
Stlth   +                        f - amulet of magic regeneration
HPRegen 0.26/turn                j - ring of poison resistance
MPRegen 0.49/turn                r - ring of see invisible

@: no status effects
A: antennae 1, powered by pain 1
a: Renounce Religion


You were on level 1 of the Abyss.
You worshipped Okawaru.
Okawaru was noncommittal.
You visited 1 branch of the dungeon, and saw 4 of its levels.
You visited the Abyss 1 time.

You collected 130 gold pieces.

Inventory:

Hand Weapons
 a - a +0 war axe (weapon)
Armour
 b - a +0 scale mail
 c - a +0 buckler (worn)
 q - the +4 robe "Doub" (worn) {Str+3}
   (You found it on level 3 of the Dungeon)

   Str:       It affects your strength (+3).
Jewellery
 f - an amulet of magic regeneration (around neck)
 j - a ring of poison resistance (left hand)
 r - a ring of see invisible (right hand)
Scrolls
 g - a scroll of identify {unknown}
 i - 2 scrolls of noise {unknown}
 l - 4 scrolls of blinking {unknown}
 m - a scroll of magic mapping {unknown}
 n - 2 scrolls of teleportation {unknown}
 p - a scroll of enchant weapon {unknown}
Potions
 d - a potion of might
 e - 2 potions of heal wounds
 h - 2 potions of invisibility {unknown}
 k - a potion of curing {unknown}
 o - a potion of mutation {unknown}
 s - a potion of lignification {unknown}


   Skills:
 + Level 3.7 Fighting
 + Level 2.7 Axes
 + Level 3.4 Armour
 + Level 3.3 Shields


You had 3 spell levels left.
You didn't know any spells.
Your spell library contained the following spells:

 Spells                   Type           Power      Damage    Failure   Level
 Magic Dart               Conj           0%         1d3       47%         1
 Ensorcelled Hibernation  Hex/Ice        0%         N/A       63%         2
 Passwall                 Tmut/Erth      0%         N/A       63%         2
 Mephitic Cloud           Conj/Pois/Air  0%         N/A       85%         3
 Swiftness                Air            0%         N/A       85%         3
 Call Imp                 Summ           Unusable   N/A       N/A         2

Dungeon Overview and Level Annotations

Branches:
Dungeon (4/15)
 Temple: D:4-7

Altars:
Ashenzari
Okawaru

Annotations:
D:3 Sigmund


Innate Abilities, Weirdness & Mutations

You have a pair of small antennae on your head.
You sometimes gain a little power by taking damage.


Message History

There is a stone staircase leading up here.
You start resting.
HP restored.
You climb upwards.
Level annotation: Sigmund
There is a stone staircase leading down here.
Sigmund hits you with a +4 scythe of distortion!
You hit Sigmund.
Sigmund is lightly wounded.
The bat closely misses you. Sigmund closely misses you.
You hit Sigmund.
Sigmund is moderately wounded.
You barely miss the bat. The bat barely misses you.
Sigmund hits you with a +4 scythe of distortion.
You are cast into the Abyss!
This branch contains the abyssal rune of Zot.
You start resting. 3 flying skulls come into view.
The flying skull gives a hideous shriek!
The flying skull gives a hideous shriek!
The flying skull hits you.
Found a corrupted altar of Lugonu.
The flying skull gives a hideous shriek!
The flying skull barely misses you.
The flying skull attacks as you move away!
The flying skull hits you!
You hit the flying skull but do no damage.
The flying skull hits you!
You hit the flying skull but do no damage. x2
The flying skull hits you!
* * * LOW HITPOINT WARNING * * *
You block the flying skull's attack. The flying skull closely misses you.
The flying skull hits you but does no damage.
The flying skull barely misses you.
You closely miss the flying skull. x2
The flying skull hits you but does no damage.
The flying skull hits you!
* * * LOW HITPOINT WARNING * * *
The flying skull closely misses you. The flying skull hits you.
You die...

.. ## ..#....#
## .#
#.#z#.###..#.###
##.{#...#......
#...#....##..
#.# #..##...#
#### .#z##.##
...#..#.#
#..#.#_z##
#.....#z@#
..##.##....#
..#.........#
.#...#.#...###
...####... #.
..#. #..## ##


You could see 3 flying skulls.

Vanquished Creatures
  A phantom (D:4)
  2 orcs
  6 ball pythons
  4 endoplasms
  A giant cockroach (D:2)
  6 goblins
  2 hobgoblins
  4 kobolds
  A quokka (D:1)
  3 bats
  5 frilled lizards
  8 rats
43 creatures vanquished.

Notes
Turn   | Place    | Note
-------+----------+-------------------------------------------
     0 | D:1      | Pimp the Demonspawn Fighter began the quest for the Orb.
     0 | D:1      | Reached XP level 1. HP: 18/18 MP: 1/1
   178 | D:1      | Gained mutation: You sometimes gain a little power by
                  | taking damage. [demonic ancestry]
   178 | D:1      | Reached XP level 2. HP: 18/24 MP: 2/2
  1406 | D:2      | Found a faded altar of an unknown god.
  1476 | D:2      | Gained mutation: You have a pair of small antennae on your
                  | head. [demonic ancestry]
  1476 | D:2      | Reached XP level 3. HP: 29/29 MP: 3/3
  1634 | D:2      | Found an iron altar of Okawaru.
  1640 | D:2      | Became a worshipper of Warmaster Okawaru
  1885 | D:3      | Identified the +4 robe "Doub" {Str+3}
  2016 | D:3      | Noticed Sigmund
  2040 | D:4      | Noticed a phantom
  2047 | D:4      | Found a broken altar of Ashenzari.
  2050 | D:4      | Killed a phantom
  2051 | D:4      | Reached XP level 4. HP: 24/37 MP: 4/4
  2105 | Abyss:1  | Cast into level 1 of the Abyss (Sigmund)
  2135 | Abyss:1  | Noticed a flying skull
  2135 | Abyss:1  | Noticed a flying skull
  2135 | Abyss:1  | Noticed a flying skull
  2144 | Abyss:1  | Found a corrupted altar of Lugonu.
  2153 | Abyss:1  | HP: 1/37 [flying skull (8)]
  2153 | Abyss:1  | Slain by a flying skull

Illustrated notes

Levels and vault maps discovered:
D:1:      amcnicky_arrival_gap_in_the_tavern_cellar, layout_basic
D:2:      layout_loops_corners, ebering_ecumenical_altar_mist, basic_altar
D:3:      layout_loops_ring, kennysheep_generic_room_12, uniq_sigmund
D:4:      layout_basic, nicolae_ashenzari_panopticon, minmay_rat_hole
Abyss:1:  base:
D:2

Skill      XL: |  1  2 |
---------------+-------+-----
Axes           | 2 |  2.7
Armour         | 3 |  3.4
Shields        | 3 |  3.3
Fighting       | |  3.7

Action                     |  1- 3 |  4- 6 || total
---------------------------+-------+-------++-------
  Melee: War axe           |   117 |     5 ||   122
    Use: Potion            |     1 |       ||     1
 Armour: Scale mail        |    55 |       ||    55
         Robe              |    11 |     2 ||    13
  Dodge: Dodged            |    42 |     7 ||    49
  Block: Buckler           |    37 |     1 ||    38

Table legend: (Time is in decaauts)
 A = Elapsed time spent in this place.
 B = Non-inter-level travel time spent in this place.
 C = Inter-level travel time spent in this place.
 D = Time resting spent in this place.
 E = Time spent auto-exploring this place.
 F = Levels seen in this place.
 G = Mean time per level.
                   A        B        C        D        E       F      G
               +--------+--------+--------+--------+--------+-----+--------+
         Total |   2204 |   2130 |     74 |     57 |   1624 |   5 |  440.8 |
       Dungeon |   2155 |   2081 |     74 |     35 |   1624 |   4 |  538.8 |
         Abyss |     49 |     49 |      0 |     22 |      0 |   1 |   49.0 |
               +--------+--------+--------+--------+--------+-----+--------+

Top non-repeatable levels by time:
     D:1: 1055 daAuts
     D:2: 801 daAuts
     D:3: 233 daAuts
     D:4: 65 daAuts
 Abyss:1: 49 daAuts
